 Dungeon Crawl Stone Soup version 0.30-a0-374-g95c0257040 (webtiles) character file.

Game seed: 1323274437294736212

473 MTVSty1e the Chopper (level 6, -4/57 HPs)
             Began as a Minotaur Fighter on Nov 26, 2022.
             Slain by an ogre
             ... wielding a +0 giant club
              (25 damage)
             ... on level 5 of the Dungeon.
             The game lasted 00:03:11 (3447 turns).

MTVSty1e the Chopper (Minotaur Fighter)             Turns: 3447, Time: 00:03:12

Health: -4/57      AC: 12    Str: 23    XL:     6   Next: 84%
Magic:  5/5        EV:  6    Int:  5    God:
Gold:   215        SH:  4    Dex: 12    Spells: 5/5 levels left

rFire   . . .      SeeInvis .    a - +0 war axe
rCold   . . .      Faith    .    c - +0 buckler
rNeg    . . .      Spirit   .    k - +0 plate armour
rPois   .          Reflect  .    (helmet restricted)
rElec   .          Harm     .    (no cloak)
rCorr   +          Rampage  .    r - +0 pair of gloves
Will    +....                    (no boots)
Stlth   ..........               (no amulet)
HPRegen 0.29/turn                q - ring "Kialud" {Will+ rCorr Dex+3}
MPRegen 0.09/turn                (no ring)

@: marked, studying Shields
A: horns 2, retaliatory headbutt
a: no special abilities


You were on level 5 of the Dungeon.
You visited 1 branch of the dungeon, and saw 5 of its levels.

You collected 215 gold pieces.

Inventory:

Hand Weapons
 a - a +0 war axe (weapon)
 t - a +0 hand axe of flaming
Armour
 c - a +0 buckler (worn)
 k - a +0 plate armour (worn)
 r - a +0 pair of gloves (worn)
Jewellery
 n - the ring of Royalty {Wiz rPois rF+ Int+4 Slay-6}
   (You found it on level 2 of the Dungeon)

   [ring of wizardry]

   It improves your spell success rate.
   Int:       It affects your intelligence (+4).
   Slay:      It affects your accuracy & damage with ranged weapons and melee
   (-6).
   rF:        It protects you from fire.
   rPois:     It protects you from poison.
 q - the ring "Kialud" (left hand) {Will+ rCorr Dex+3}
   (You found it on level 3 of the Dungeon)

   [ring of willpower]

   Dex:       It affects your dexterity (+3).
   rCorr:     It protects you from acid and corrosion.
   Will:      It increases your willpower.
 s - an amulet of magic regeneration
Scrolls
 f - a scroll of teleportation {unknown}
 h - a scroll of amnesia {unknown}
 i - 2 scrolls of identify {unknown}
 j - a scroll of fear {unknown}
 l - a scroll of silence {unknown}
 m - a scroll of noise {unknown}
Potions
 b - a potion of resistance {unknown}
 d - a potion of might
 e - 3 potions of degeneration {unknown}
 g - 2 potions of curing {unknown}
 o - 2 potions of flight {unknown}
 p - a potion of heal wounds {unknown}


   Skills:
 + Level 6.1 Fighting
 * Level 7.4 Axes
 - Level 3.6 Armour
 - Level 3.6 Shields


You had 5 spell levels left.
You didn't know any spells.
Your spell library contained the following spells:

 Spells                   Type           Power      Damage    Failure   Level
 Gell's Gravitas          Tloc           0%         N/A       100%        3
 Lesser Beckoning         Tloc           0%         N/A       100%        3
 Teleport Other           Tloc           0%         N/A       100%        3


Dungeon Overview and Level Annotations

Branches:
Dungeon (5/15)
 Temple: D:4-7

Altars:
Makhleb
Sif Muna
Zin

Shops:
D:3 !   D:4 *


Innate Abilities, Weirdness & Mutations

You have a pair of horns on your head.
You reflexively headbutt those who attack you in melee.


Message History

No reachable target in view!
No reachable target in view!
No reachable target in view!
No reachable target in view!
No reachable target in view!
No reachable target in view!
There are monsters nearby!
You can't go down here!
The adder sets off the alarm!
The alarm trap emits a blaring wail!
A sentinel's mark forms upon you. The adder bites you but does no damage.
You hear an angry hiss.
You hear a shout! x3; You hear an angry hiss.
Something shouts, "Fly, thou venomed earth-vexing cow!"
You hit the adder. You headbutt the adder.
You kill the adder!
You hit the ogre but do no damage. The ogre hits you with a +0 giant club!
You hit the ogre but do no damage. You headbutt the ogre!
The ogre is moderately wounded.
You slash the ogre! You headbutt the ogre.
The ogre is severely wounded.
The ogre hits you with a +0 giant club!!
You are too injured to fight recklessly!
You are too injured to fight recklessly!
You are too injured to fight recklessly!
You are too injured to fight recklessly!
You are too injured to fight recklessly!
You are too injured to fight recklessly!
You are too injured to fight recklessly!
You are too injured to fight recklessly!
You are too injured to fight recklessly!
You are too injured to fight recklessly!
You are too injured to fight recklessly!
You hit the ogre but do no damage.
The ogre is severely wounded.
The ogre hits you but does no damage.
You hit the ogre.
The ogre is severely wounded.
The ogre hits you with a +0 giant club!!
You die...

# ###.
.....
###...###
....$.O@#
#########


You could see an ogre.

Vanquished Creatures
  Menkaure (D:4)
  A phantom (D:3)
  A scorpion (D:4)
  An orc wizard (D:3)
  4 gnolls (D:3)
  6 adders
  2 worms (D:2)
  5 dart slugs
  16 orcs
  5 endoplasms
  A giant cockroach (D:4)
  3 hobgoblins
  3 jackals (D:4)
  8 kobolds
  3 quokkas
  4 ball pythons
  3 bats
  3 frilled lizards
  5 goblins
  3 rats
78 creatures vanquished.

Vanquished Creatures (others)
  9 fungi (D:1)
9 creatures vanquished.

Grand Total: 87 creatures vanquished

Notes
Turn   | Place    | Note
-------+----------+-------------------------------------------
     0 | D:1      | MTVSty1e the Minotaur Fighter began the quest for the Orb.
     0 | D:1      | Reached XP level 1. HP: 19/19 MP: 0/0
   203 | D:1      | Reached skill level 3 in Axes
   245 | D:1      | Reached XP level 2. HP: 26/27 MP: 1/1
   870 | D:2      | Reached XP level 3. HP: 24/33 MP: 2/2
   915 | D:2      | Found a faded altar of an unknown god.
   935 | D:2      | Reached skill level 4 in Axes
  1239 | D:2      | Identified the ring of Royalty {Wiz rPois rF+ Int+4 Slay-6}
  1587 | D:3      | Reached XP level 4. HP: 41/41 MP: 3/3
  1588 | D:3      | Identified the ring "Kialud" {Will+ rCorr Dex+3}
  1657 | D:3      | Reached skill level 5 in Axes
  1736 | D:3      | You fall into a shaft and drop 1 floor!
  1757 | D:4      | Found Zin's Purification Station.
  1762 | D:4      | Found a glowing silver altar of Zin.
  1784 | D:3      | Found a burning altar of Makhleb.
  1852 | D:3      | Noticed a phantom
  1864 | D:3      | Killed a phantom
  1865 | D:3      | Reached skill level 5 in Fighting
  1865 | D:3      | Reached XP level 5. HP: 40/48 MP: 4/4
  1931 | D:3      | Reached skill level 6 in Axes
  2235 | D:3      | Found a shimmering blue altar of Sif Muna.
  2275 | D:3      | Found Dorch's Distillery.
  2572 | D:3      | Reached XP level 6. HP: 56/56 MP: 5/5
  3056 | D:4      | Noticed Menkaure
  3064 | D:4      | Killed Menkaure
  3065 | D:4      | Reached skill level 7 in Axes
  3437 | D:5      | Entered Level 5 of the Dungeon
  3447 | D:5      | Slain by an ogre

Illustrated notes

Levels and vault maps discovered:
D:1:      dpeg_arrival_short_road, layout_loops_ring,
          dreamdust_mushroom_princess
D:2:      layout_loops_ring, hellmonk_ecumenical_altar_defaced_shrine
D:3:      layout_loops_corners, led_sif_book, bloody_makhleb, serial_shops, shop
D:4:      layout_basic, zin_purify, uniq_menkaure
D:5:      layout_basic, slow_altar_1, uniq_crazy_yiuf_cottage

Skill      XL: |  1  2  3  4  5  6 |
---------------+-------------------+-----
Axes           | 3 4 5 6 7 |  7.4
Fighting       | 4 5 6 |  6.1
Armour         | |  3.6
Shields        | |  3.6

Action                   |  1- 3 |  4- 6 || total
-------------------------+-------+-------++-------
Melee: War axe           |    73 |   117 ||   190
       Headbutt          |     6 |    21 ||    27
Armor: Scale mail        |    22 |       ||    22
       Plate armour      |    14 |    58 ||    72
Dodge: Dodged            |    26 |    35 ||    61
Block: Buckler           |    12 |    25 ||    37

Table legend: (Time is in decaauts)
 A = Elapsed time spent in this place.
 B = Non-inter-level travel time spent in this place.
 C = Inter-level travel time spent in this place.
 D = Time resting spent in this place.
 E = Time spent auto-exploring this place.
 F = Levels seen in this place.
 G = Mean time per level.
                   A        B        C        D        E       F      G
               +--------+--------+--------+--------+--------+-----+--------+
         Total |   3498 |   3355 |    143 |    100 |   2722 |   5 |  699.6 |
       Dungeon |   3498 |   3355 |    143 |    100 |   2722 |   5 |  699.6 |
               +--------+--------+--------+--------+--------+-----+--------+

Top non-repeatable levels by time:
     D:3: 1193 daAuts
     D:2: 905 daAuts
     D:1: 699 daAuts
     D:4: 689 daAuts
     D:5: 10 daAuts
